 Dungeon Crawl Stone Soup version 0.20.1-1-g8b1a95d (webtiles) character file.

17870 Irenicus the Martial Artist (level 12, -22/81 HPs)
             Began as an Octopode Chaos Knight on Oct 17, 2017.
             Annihilated by a skeletal warrior
             ... wielding a +0 war axe
              (28 damage)
             ... on level 14 of the Dungeon.
             The game lasted 01:13:34 (11445 turns).

Irenicus the Martial Artist (OpCK)                 Turns: 11445, Time: 01:13:34

Health: -22/81     AC:  2    Str: 19    XL:     12   Next: 52%
Magic:  14/21      EV: 33    Int: 16    God:    Xom [....*.]
Gold:   645        SH:  0    Dex: 25    Spells: 11/21 levels left

rFire    + . .     SeeInvis +     - Unarmed
rCold    . . .     Gourm    .   (shield currently unavailable)
rNeg     + . .     Faith    .   (helmet currently unavailable)
rPois    .         Spirit   .   k - amulet of rage
rElec    .         Reflect  .   B - ring of poison resistance
rCorr    .         Harm     .   D - ring of see invisible
MR       .....     Rnd*Tele +   N - ring of protection from fire
Stlth    +++++.....             l - ring of Sosereni {rPois rN+ MR- Dex+4}
Regen    0.7/turn               (no ring)
MPRegen  0.2/turn               (no ring)
                                (no ring)
                                (no ring)

@: mighty, confusing touch, spider-form (expiring), cleaving
A: almost no armour, stealthy swim, (amphibious), 8 rings, (constrict 8), see
invisible, blink, clever 1, high mp 1, regeneration 1, strong 1, teleportitis 1
a: End Transformation, Blink, Renounce Religion, Evoke Berserk Rage


You were on level 14 of the Dungeon.
You worshipped Xom.
You were a beloved toy of Xom.
You were not hungry.
You were a venomous arachnid creature.
You visited 1 branch of the dungeon, and saw 14 of its levels.
You also visited: Labyrinth.

You collected 740 gold pieces.
You spent 95 gold pieces at shops.

Inventory:

Hand Weapons
 Z - the +7 broad axe "Bumablesk" {elec, rF- rC++ MR+ Dex+2}
   (You found it in a labyrinth)

   Occasionally, upon striking a foe, it will discharge some electrical energy
   and cause terrible harm.
   It affects your dexterity (+2).
   It makes you vulnerable to fire.
   It greatly protects you from cold.
   It affects your resistance to hostile enchantments.
Missiles
 L - 2 throwing nets (quivered)
Magical Staves
 e - an uncursed staff of wizardry
 P - an uncursed staff of earth
Jewellery
 k - an amulet of rage (around neck)
 l - the ring of Sosereni (on tentacle) {rPois rN+ MR- Dex+4}
   (Xom gifted it to you on level 13 of the Dungeon)

   [ring of positive energy]

   It affects your dexterity (+4).
   It protects you from poison.
   It protects you from negative energy.
   It affects your resistance to hostile enchantments.
 u - an uncursed amulet of magic regeneration {unknown}
 B - a ring of poison resistance (left front leg)
 C - an uncursed ring of ice
 D - a ring of see invisible (right front leg)
 N - a ring of protection from fire (on tentacle)
 O - an uncursed ring of ice
Wands
 n - a wand of confusion (16/48)
 v - a wand of iceblast (2/15)
 z - a wand of random effects (0/48)
 G - a wand of acid (6/15)
 Q - a wand of paralysis (16/24)
 T - a wand of digging (8/24)
 V - a wand of lightning (3/15)
 X - a wand of lightning (7/15)
Scrolls
 d - 3 scrolls of recharging
 f - a scroll of teleportation
 m - 8 scrolls of identify
 o - 2 scrolls of fear {unknown}
 p - a scroll of noise {unknown}
 q - 3 scrolls of remove curse
 y - 2 scrolls of enchant weapon
 A - 2 scrolls of amnesia
 H - a scroll of immolation {unknown}
 I - a scroll of enchant armour
 U - a scroll of blinking {unknown}
Potions
 b - a potion of lignification
 c - a potion of invisibility
 g - 2 potions of mutation
 j - 3 potions of berserk rage
 s - a potion of ambrosia {unknown}
 t - a potion of might
 F - a potion of agility {unknown}
 J - a potion of haste {unknown}
 M - a potion of curing
Books
 w - a book of Misfortune

   Spells                             Type                      Level
   a - Confusing Touch                Hexes                        1
   b - Confuse                        Hexes                        3
   c - Gell's Gravitas                Translocation                3
   d - Petrify                        Transmutation/Earth          4
   e - Metabolic Englaciation         Hexes/Ice                    5
   f - Yara's Violent Unravelling     Hexes/Transmutation          5
 x - Wuste's Disquisition on Glacial Sinister Rituals
   (You found it in a labyrinth)

   Spells                             Type                      Level
   a - Freeze                         Ice                          1
   b - Animate Skeleton               Necromancy                   1
   c - Throw Frost                    Conjuration/Ice              2
   d - Ozocubu's Armour               Charms/Ice                   3
   e - Throw Icicle                   Conjuration/Ice              4
   f - Control Undead                 Necromancy                   4
   g - Dispel Undead                  Necromancy                   5
 E - the Grimoire of the Nocuous Snowflakes
   (You found it on level 6 of the Dungeon)

   Spells                             Type                      Level
   a - Poisonous Vapours              Poison/Air                   2
   b - Mephitic Cloud                 Conjuration/Poison/Air       3
   c - Spider Form                    Transmutation/Poison         3
   d - Freezing Cloud                 Conjuration/Ice/Air          6
 K - a book of Necromancy

   Spells                             Type                      Level
   a - Pain                           Necromancy                   1
   b - Animate Skeleton               Necromancy                   1
   c - Vampiric Draining              Necromancy                   3
   d - Regeneration                   Charms/Necromancy            3
   e - Animate Dead                   Necromancy                   4
   f - Control Undead                 Necromancy                   4
 W - a book of Debilitation

   Spells                             Type                      Level
   a - Corona                         Hexes                        1
   b - Slow                           Hexes                        2
   c - Inner Flame                    Hexes/Fire                   3
   d - Portal Projectile              Hexes/Translocation          3
   e - Cause Fear                     Hexes                        4
   f - Leda's Liquefaction            Hexes/Earth                  4
 Y - a book of Party Tricks

   Spells                             Type                      Level
   a - Summon Butterflies             Summoning                    1
   b - Apportation                    Translocation                1
   c - Lesser Beckoning               Translocation                3
   d - Tukima's Dance                 Hexes                        3
   e - Alistair's Intoxication        Transmutation/Poison         5
   f - Invisibility                   Hexes                        6
Miscellaneous
 r - 2 boxes of beasts
 S - a phial of floods
Comestibles
 a - 5 bread rations
 h - 4 meat rations
 i - 17 royal jellies
 R - 5 fruits


   Skills:
 - Level 7.3 Fighting
 - Level 10.0 Dodging
 - Level 10.1 Stealth
 - Level 10.1 Unarmed Combat
 - Level 5.0 Spellcasting
 - Level 3.1 Conjurations
 - Level 3.0 Hexes
 - Level 6.0 Transmutations
 - Level 2.0 Air Magic
 - Level 6.5 Poison Magic
 - Level 2.0 Evocations


You had 11 spell levels left.
You knew the following spells:

 Your Spells              Type           Power        Failure   Level  Hunger
a - Confusing Touch       Hex            ##....       13%         1    None
b - Spider Form           Tmut/Pois      ###.......   11%         3    ###....
c - Mephitic Cloud        Conj/Pois/Air  ###.....     22%         3    ###....
d - Regeneration          Chrm/Necr      #.........   63%         3    ###....


Dungeon Overview and Level Annotations

Branches:
Dungeon (14/15)            Temple (0/1) D:4            Lair (0/6) D:10
    Orc (0/2) D:12
 Vaults: D:13-14

Altars:
Qazlal
Trog
Uskayaw
Vehumet
Xom
Yredelemnul
Zin

Shops:
D:5 *   D:9 [   D:12 (

Annotations:
D:12 exclusion: downstairs
D:13 Kirke, Sonja


Innate Abilities, Weirdness & Mutations

You cannot wear most types of armour.
You are very stealthy in the water. (Stealth+)
((You are amphibious.))
You can wear up to eight rings at the same time.
((You can use your tentacles to constrict eight enemies at once.))
((Your skin changes colour to match your surroundings (Stealth+).))
((Your rubbery body absorbs attacks. (AC +1, EV +1)))
((You have very sharp teeth.))
((You are partially covered in iridescent scales. (AC +2)))
You have supernaturally acute eyesight. (SInv)
You can translocate small distances at will.
Your mind is acute. (Int +2)
You have an increased reservoir of magic. (+10% MP)
Your natural rate of healing is unusually fast.
Your muscles are strong. (Str +2)
You are occasionally teleported next to monsters.


Message History

Found a scroll labeled HAPTAO PEHA.
Okay, then. "Go forth and destroy!"
Your front legs look sharp.
Casting: Confusing Touch
Confirm with . or Enter, or press ? or * to list all spells.
Your front legs begin to glow red. "Burn, baby, burn!"
The fireball engulfs the skeletal warrior.
The fireball engulfs your ice beast.
Your ice beast melts!
The skeletal warrior hits your ice beast with a hand axe!
Your ice beast hits the skeletal warrior but does no damage.
The skeletal warrior hits you with a war axe!!
* * * LOW HITPOINT WARNING * * *
It was a potion of might.
You feel very mighty all of a sudden.
Your transformation is almost over.
The skeletal warrior hits you with a war axe!!
You die...
Xom howls with laughter!

,,,#......ยงยง.............#
,,,#.....................#
,,,###!..................#
,,,,,#............YzY...#*
,,,,,#?.................#
,,,,,#...........#+###Y.#
,,,,,#...........#,,,#z.#
,,,,,#...........#,,,#.W#
******..........s#,,,#..#
,,,,,,,.........z##+##..#
,,,,,,,,#######.....zY..#**
,,,,,,,,* #...........#
,,,,,,,,* #...........#
,,,<,,,,* #...........#*
,,,,,,,,* #............#
,,,,,,,,* #.........####
,,,,,,,,******#.........#


You could see a skeletal warrior.

Vanquished Creatures
  A minotaur (Lab)
  A centaur warrior (D:13)
  A tengu warrior (D:13)
  A two-headed ogre (D:11)
  The ghost of Frank the Carver, a novice OpFi of Gozag (D:9)
  2 sea snakes (D:11)
  2 unseen horrors
  A phantasmal warrior (D:12)
  2 ugly things
  2 cyclopes
  A centaur skeleton (D:11)
  A slime creature (D:11)
  3 hippogriffs
  A wyvern (D:11)
  Sigmund (D:7)
  3 wraiths (D:12)
  10 yaks (D:10)
  A hog (D:12)
  2 hungry ghosts
  A steam dragon (D:13)
  A porcupine (D:9)
  2 ice beasts
  5 sky beasts
  A black bear (D:12)
  5 orc warriors
  5 phantoms
  A necrophage (D:11)
  2 ogres
  6 centaurs
  A gnoll sergeant (D:8)
  3 bullfrogs
  4 scorpions
  14 killer bees
  2 electric eels (D:7)
  14 wights
  4 howler monkeys
  4 crimson imps
  A bullfrog zombie (D:13)
  7 hounds
  5 jellies
  2 centaur zombies
  A quasit (D:12)
  7 orc priests
  2 bullfrog skeletons
  Terence (D:3)
  5 iguanas
  22 orc wizards
  12 worker ants
  A hound zombie (D:8)
  A hound skeleton (D:5)
  Robin (D:3)
  A howler monkey zombie (D:5)
  2 worker ant zombies
  13 adders
  6 gnolls
  2 shadow imps
  5 oozes (D:11)
  3 worms
  A dart slug (D:2)
  7 leopard geckos
  68 orcs
  2 ball pythons
  8 bats
  6 giant cockroaches
  11 goblins
  5 hobgoblins
  21 jackals
  5 quokkas
  5 frilled lizards
  A giant cockroach zombie (D:5)
  A jackal skeleton (D:6)
  4 kobolds
  2 leopard gecko skeletons
  10 rats
369 creatures vanquished.

Vanquished Creatures (collateral kills)
  An ugly thing (D:11)
  A yak (D:10)
  An ice beast (D:12)
  A bullfrog (D:13)
  3 killer bees
  A scorpion (D:8)
  Ijyb (D:4)
  A worker ant zombie (D:11)
  A howler monkey skeleton (D:4)
  An orc (D:3)
12 creatures vanquished.

Vanquished Creatures (others)
  A killer bee (D:12)
  2 gnolls (D:7)
  An orc (D:11)
  3 withered plants (D:13)
7 creatures vanquished.

Grand Total: 388 creatures vanquished

Notes
Turn   | Place    | Note
-------+----------+-------------------------------------------
     0 | D:1      | Irenicus the Octopode Chaos Knight began the quest for the Orb.
     0 | D:1      | Reached XP level 1. HP: 16/16 MP: 1/1
   179 | D:1      | Reached XP level 2. HP: 16/21 MP: 2/2
   234 | D:1      | XOM: divination: detect items
   506 | D:2      | XOM: 4-stop teleportation journey
   559 | D:2      | Reached XP level 3. HP: 15/26 MP: 3/3
   817 | D:2      | XOM: 2-stop teleportation journey
   884 | D:2      | Reached XP level 4. HP: 9/31 MP: 4/4
  1137 | D:2      | XOM: scenery: create altars
  1236 | D:3      | Reached skill level 5 in Unarmed Combat
  1262 | D:3      | XOM is BORED!
  1262 | D:3      | XOM: give mutations
  1262 | D:3      | Gained mutation: Your body sometimes deteriorates upon taking damage. [Xom's mischief]
  1262 | D:3      | Gained mutation: You are frail. (-10% HP) [Xom's mischief]
  1262 | D:3      | Gained mutation: Potions are less effective at restoring your health. [Xom's mischief]
  1294 | D:3      | Noticed Robin
  1394 | D:4      | Noticed an ogre
  1400 | D:4      | XOM: fog
  1404 | D:4      | XOM: cleaving
  1406 | D:4      | Killed an ogre
  1406 | D:4      | Reached XP level 5. HP: 20/32 MP: 5/5
  1459 | D:4      | Found a staircase to the Ecumenical Temple.
  1499 | D:4      | Noticed Ijyb
  1502 | D:4      | XOM: summons friendly red devil
  1510 | D:4      | Killed Ijyb
  1672 | D:4      | Reached XP level 6. HP: 36/37 MP: 6/6
  1741 | D:5      | Entered Level 5 of the Dungeon
  1745 | D:5      | XOM: god gift: 52 gold pieces
  1750 | D:5      | XOM: 5-stop teleportation journey
  1839 | D:4      | XOM: give mutations
  1839 | D:4      | Gained mutation: Your system is resistant to poisons. (rPois) [Xom's grace]
  1839 | D:4      | Gained mutation: You have very sharp teeth. [Xom's grace]
  1839 | D:4      | Gained mutation: Your muscles are strong. (Str +2) [Xom's grace]
  1839 | D:4      | Gained mutation: Your muscles are very strong. (Str +4) [Xom's grace]
  2154 | D:3      | Killed Robin
  2171 | D:3      | Found a bloodstained altar of Trog.
  2237 | D:3      | Noticed Terence
  2264 | D:3      | XOM: summons 6 friendly demons
  2286 | D:3      | Killed Terence
  2286 | D:3      | Reached XP level 7. HP: 21/41 MP: 7/7
  2296 | D:3      | XOM: polymorph quasit -> iron imp
  2298 | D:3      | XOM: polymorph iron imp -> quasit
  2381 | D:3      | XOM: 4-stop teleportation journey
  2425 | D:3      | XOM: 3-stop teleportation journey
  2503 | D:3      | Learned a level 1 spell: Confusing Touch
  2506 | D:3      | XOM: medium Pois miscast
  2584 | D:3      | XOM: god gift: box of beasts
  3188 | D:5      | XOM: 1-stop teleportation journey
  3191 | D:5      | Reached skill level 1 in Evocations
  3195 | D:5      | XOM: god gift: runed shortbow {god gift}
  3207 | D:5      | XOM: confuse monster(s)
  3232 | D:5      | XOM: fog
  3293 | D:5      | Noticed Sigmund
  3328 | D:5      | XOM: medium Erth miscast
  3427 | D:5      | XOM: harmless Ice miscast
  3587 | D:5      | XOM: cast spell 'Leda's Liquefaction'
  3597 | D:5      | Reached skill level 1 in Hexes
  3679 | D:5      | XOM: harmless Conj miscast
  3975 | D:5      | Found Wutuhaz's Assorted Antiques.
  3992 | D:5      | Bought a gilded ring for 95 gold pieces
  4150 | D:6      | XOM: harmless Summ miscast
  4154 | D:6      | Reached XP level 8. HP: 46/46 MP: 7/9
  4263 | D:6      | Identified the Grimoire of the Nocuous Snowflakes
  4876 | D:6      | Reached skill level 10 in Unarmed Combat
  4905 | D:6      | XOM: harmless Ice miscast
  5047 | D:6      | XOM: harmless Chrm miscast
  5219 | D:7      | Learned a level 3 spell: Spider Form
  5225 | D:7      | Learned a level 3 spell: Mephitic Cloud
  5232 | D:7      | Reached skill level 1 in Poison Magic
  5261 | D:7      | XOM: enchant monster (bad)
  5361 | D:7      | Found a stormy altar of Qazlal.
  5361 | D:7      | Found a glowing silver altar of Zin.
  5361 | D:7      | Found a radiant altar of Vehumet.
  5361 | D:7      | Found a shimmering altar of Xom.
  5368 | D:7      | Found a hide-covered altar of Uskayaw.
  5368 | D:7      | Found a basalt altar of Yredelemnul.
  5411 | D:7      | Found a radiant altar of Vehumet.
  5430 | D:7      | XOM: give mutations
  5430 | D:7      | Gained mutation: Your natural rate of healing is unusually fast. [Xom's grace]
  5430 | D:7      | Gained mutation: You are partially covered in iridescent scales. (AC +2) [Xom's grace]
  5430 | D:7      | Gained mutation: Your flesh is cold resistant. (rC+) [Xom's grace]
  5436 | D:7      | XOM: god gift: 52 gold pieces
  5448 | D:7      | XOM: 6-stop teleportation journey
  5490 | D:7      | Reached skill level 1 in Conjurations
  5498 | D:7      | Reached XP level 9. HP: 39/50 MP: 8/10
  5628 | D:7      | Reached skill level 1 in Air Magic
  5720 | D:7      | XOM: divination: magic mapping
  5724 | D:7      | Killed Sigmund
  5737 | D:7      | XOM: potion effect (haste)
  5772 | D:7      | XOM: god gift: meat ration
  5800 | D:7      | XOM: smoke on damage
  5887 | D:7      | XOM: god gift: royal jelly
  6065 | D:7      | XOM: polymorph orc -> jackal
  6264 | D:8      | XOM: cast spell 'Call Canine Familiar'
  6349 | D:8      | Reached skill level 5 in Transmutations
  6360 | D:8      | XOM: harmless Hex miscast
  6442 | D:8      | Gained mutation: You evolve. [mutagenic meat]
  6445 | D:8      | Gained mutation: One of your tentacles bears a spike. [mutagenic meat]
  6446 | D:8      | Gained mutation: Your mind is acute. (Int +2) [mutagenic meat]
  6581 | D:8      | XOM: confusion
  6585 | D:8      | XOM: mild Conj miscast
  6599 | D:8      | XOM: smoke on damage
  6644 | D:8      | Reached skill level 1 in Spellcasting
  6793 | D:9      | Found Romn's Antique Armour Emporium.
  6793 | D:9      | Noticed Frank's ghost (novice OpFi)
  6793 | D:9      | XOM: swap monsters
  6806 | D:9      | Killed Frank's ghost
  6806 | D:9      | Reached XP level 10. HP: 56/56 MP: 11/16
  6887 | D:9      | Reached skill level 5 in Spellcasting
  6942 | D:9      | XOM: confusion
  7010 | D:9      | XOM: repel stairs
  7050 | D:9      | XOM: medium Hex miscast
  7165 | D:9      | XOM: polymorph killer bee -> porcupine
  7300 | D:9      | Noticed a cyclops
  7306 | D:9      | XOM: cleaving
  7308 | D:9      | XOM: butterfly on damage
  7308 | D:9      | XOM: smoke on damage
  7313 | D:9      | Killed a cyclops
  7313 | D:9      | Reached skill level 5 in Dodging
  7412 | D:10     | Entered Level 10 of the Dungeon
  7452 | D:10     | Noticed an unseen horror
  7469 | D:10     | Killed an unseen horror
  7551 | D:10     | XOM: scenery: 1 doors open
  7553 | D:10     | XOM: potion effect (brilliance)
  7562 | D:10     | XOM: harmless Conj miscast
  7565 | D:10     | XOM: potion effect (magic)
  7592 | D:10     | XOM: mild Chrm miscast
  7738 | D:10     | XOM: noise
  7745 | D:10     | XOM: cast spell 'Summon Mana Viper'
  7757 | D:10     | XOM: noise
  7759 | D:10     | Reached XP level 11. HP: 50/60 MP: 4/18
  7772 | D:10     | XOM: noise
  7773 | D:10     | XOM: potion effect (heal wounds)
  7931 | D:10     | XOM: give mutations
  7931 | D:10     | Lost mutation: Potions are less effective at restoring your health. [Xom's mischief]
  7931 | D:10     | Lost mutation: Your system is resistant to poisons. (rPois) [Xom's mischief]
  7931 | D:10     | Lost mutation: Your muscles are very strong. (Str +4) [Xom's mischief]
  8053 | D:10     | Found a staircase to the Lair.
  8131 | D:10     | XOM: severe Ice miscast
  8230 | D:11     | Noticed a cyan ugly thing
  8425 | D:11     | XOM: scenery: 1 doors open
  8443 | D:11     | XOM: butterfly on damage
  8557 | D:11     | Noticed a cyclops
  8557 | D:11     | XOM: butterfly on damage
  8644 | D:11     | Killed a cyclops
  8691 | D:11     | XOM: 1-stop teleportation journey
  8709 | D:11     | Reached skill level 10 in Dodging
  8766 | D:11     | Noticed a two-headed ogre
  8781 | D:11     | Noticed a white ugly thing
  8786 | D:11     | XOM: enchant monster (good)
  8789 | D:11     | Noticed a sea snake
  8789 | D:11     | a two-headed ogre changed into a sea snake
  8789 | D:11     | XOM: polymorph two-headed ogre -> sea snake
  8802 | D:11     | Killed a sea snake
  8813 | D:11     | XOM: medium Erth miscast
  8819 | D:11     | Killed a white ugly thing
  8864 | D:11     | Lost mutation: Your body sometimes deteriorates upon taking damage. [mutagenic meat]
  8865 | D:11     | Lost mutation: Your flesh is cold resistant. (rC+) [mutagenic meat]
  8885 | D:11     | XOM: swap monsters
  8890 | D:11     | XOM: give mutation
  8890 | D:11     | Gained mutation: You occasionally shout uncontrollably at your foes. [Xom's mischief]
  8906 | D:11     | XOM: smoke on damage
  8923 | D:11     | Reached skill level 5 in Fighting
  9033 | D:11     | Noticed a two-headed ogre
  9039 | D:11     | XOM: draining
  9049 | D:11     | XOM: chaos upgrade
  9053 | D:11     | Killed a two-headed ogre
  9180 | D:11     | Killed a cyan ugly thing
  9183 | D:11     | Lost mutation: You are frail. (-10% HP) [mutagenic meat]
  9184 | D:11     | Gained mutation: You are occasionally teleported next to monsters. [mutagenic meat]
  9212 | D:11     | Noticed a manticore
  9212 | D:11     | Noticed a sea snake
  9212 | D:11     | a manticore changed into a sea snake
  9212 | D:11     | XOM: polymorph manticore -> sea snake
  9254 | D:11     | XOM: smoke on damage
  9265 | D:11     | Killed a sea snake
  9454 | D:11     | XOM: harmless Tmut miscast
  9535 | D:12     | Found a staircase to the Orcish Mines.
  9535 | D:12     | XOM: 1-stop teleportation journey
  9536 | D:12     | Noticed an unseen horror
  9551 | D:12     | Killed an unseen horror
  9551 | D:12     | Reached skill level 5 in Poison Magic
  9561 | D:12     | Noticed a death knight
  9562 | D:12     | Found Jowutos's Weapon Emporium.
  9563 | D:12     | Noticed a phantasmal warrior
  9590 | D:12     | Noticed a cyan ugly thing
  9591 | D:12     | XOM: enchant monster (bad)
  9602 | D:12     | XOM: polymorph troll -> black bear
  9612 | D:12     | XOM: blink monster(s)
  9703 | D:11     | XOM: summons 2 hostile shadow creatures
  9770 | D:12     | Lost mutation: Your mind is acute. (Int +2) [mutagenic meat]
  9771 | D:12     | Gained mutation: You have an increased reservoir of magic. (+10% MP) [mutagenic meat]
  9786 | D:12     | XOM: mild Tloc miscast
  9901 | D:12     | Reached XP level 12. HP: 81/81 MP: 19/21
  9943 | D:12     | Reached skill level 1 in Stealth
 10068 | D:12     | XOM: severe Necr miscast
 10083 | D:12     | XOM: divination: detect items
 10111 | D:12     | Gained mutation: You are frail. (-10% HP) [mutagenic meat]
 10270 | D:12     | Reached skill level 5 in Stealth
 10388 | D:12     | XOM: blink monster(s)
 10414 | D:13     | XOM: potion effect (haste)
 10416 | D:13     | XOM: confuse monster(s)
 10420 | D:13     | XOM: enchant monster (good)
 10438 | D:12     | XOM: 1-stop teleportation journey
 10628 | D:13     | Noticed Kirke
 10629 | D:13     | Noticed a two-headed ogre
 10630 | D:13     | Noticed a ghoul
 10631 | D:12     | XOM: potion effect (curing)
 10638 | D:12     | XOM: scenery: create altars
 10644 | D:12     | XOM: summons friendly white imp
 10651 | D:12     | Lost mutation: You are frail. (-10% HP) [potion of mutation]
 10651 | D:12     | Lost mutation: One of your tentacles bears a spike. [potion of mutation]
 10651 | D:12     | Lost mutation: You occasionally shout uncontrollably at your foes. [potion of mutation]
 10651 | D:12     | Gained mutation: You have supernaturally acute eyesight. (SInv) [potion of mutation]
 10674 | D:12     | XOM: confuse monster(s)
 10690 | D:11     | Gained mutation: Your mind is acute. (Int +2) [evolution]
 10690 | D:11     | Lost mutation: You evolve. [end of evolution]
 10848 | D:12     | XOM: summons 7 friendly demons
 10866 | D:12     | XOM: divination: detect items
 10905 | D:12     | XOM: divination: detect creatures
 11027 | D:13     | Noticed Sonja
 11027 | D:13     | Noticed a centaur warrior
 11029 | D:13     | XOM: summons 10 friendly demons
 11040 | D:13     | Noticed Sonja
 11040 | D:13     | Sonja changed into Sonja the rime drake
 11040 | D:13     | XOM: polymorph Sonja -> Sonja the rime drake
 11043 | D:13     | Noticed a ghoul
 11043 | D:13     | Killed a centaur warrior
 11058 | D:13     | Noticed a tengu warrior
 11070 | D:13     | XOM: divination: detect items
 11084 | D:13     | Killed a tengu warrior
 11137 | D:13     | XOM: god gift: wavering glass ring {god gift}
 11138 | D:13     | Got a wavering glass ring {god gift}
 11140 | D:13     | Identified the ring of Sosereni {rPois rN+ MR- Dex+4} (Xom gifted it to you on level 13 of the Dungeon)
 11211 | D:14     | Found a labyrinth entrance.
 11226 | D:14     | XOM: enchant monster (good)
 11228 | Lab      | XOM: stealth player
 11228 | Lab      | Entered a labyrinth
 11258 | Lab      | XOM: give mutation
 11258 | Lab      | Gained mutation: You can translocate small distances at will. [Xom's grace]
 11341 | Lab      | Noticed a minotaur
 11364 | Lab      | XOM: butterfly on damage
 11377 | Lab      | Killed a minotaur
 11377 | Lab      | Reached skill level 10 in Stealth
 11392 | Lab      | Identified Wuste's Disquisition on Glacial Sinister Rituals
 11394 | Lab      | Got a shimmering broad axe
 11399 | Lab      | Learned a level 3 spell: Regeneration
 11399 | Lab      | Identified the +7 broad axe "Bumablesk" {elec, rF- rC++ MR+ Dex+2} (You found it in a labyrinth)
 11407 | D:14     | XOM: god gift: knobbly pearl ring {god gift}
 11409 | D:14     | XOM: fog
 11416 | D:14     | XOM: scenery: 1 doors open
 11419 | D:14     | XOM: cast spell 'Summon Ice Beast'
 11441 | D:14     | XOM: cleaving
 11443 | D:14     | XOM: destruction
 11445 | D:14     | Annihilated by a skeletal warrior

Skill      XL: |  1  2  3  4  5  6  7  8  9 10 11 12 |
---------------+-------------------------------------+-----
Unarmed Combat | 4 6 7 8 10 | 10.1
Evocations     | 1 2 |  2.0
Hexes          | 1 3 |  3.0
Poison Magic   | 4 6 |  6.5
Conjurations   | 1 3 |  3.1
Air Magic      | 2 |  2.0
Transmutations | 6 |  6.0
Spellcasting   | 4 5 |  5.0
Dodging        | 8 10 | 10.0
Fighting       | 7 |  7.3
Stealth        | 10 | 10.1

Action                   |  1- 3 |  4- 6 |  7- 9 | 10-12 || total
-------------------------+-------+-------+-------+-------++-------
Melee: Unarmed           |    57 |   114 |   340 |   627 ||  1138
       Constrict         |    17 |    26 |    75 |    83 ||   201
       Tentacles         |    16 |    20 |    74 |   104 ||   214
       Punch             |     3 |     4 |    34 |    37 ||    78
       Bite              |       |     7 |    50 |    65 ||   122
       Kick              |       |       |    13 |   149 ||   162
 Cast: Confusing Touch   |       |       |    30 |    73 ||   103
       Mephitic Cloud    |       |       |    10 |    45 ||    55
       Spider Form       |       |       |       |    18 ||    18
       Regeneration      |       |       |       |     1 ||     1
 Abil: Evoke Berserk Rag |       |     3 |     1 |       ||     4
Evoke: Wand              |       |       |       |     4 ||     4
       Phial of floods   |       |       |       |     1 ||     1
  Use: Scroll            |     4 |       |     3 |    13 ||    20
       Potion            |       |       |     2 |     9 ||    11
 Stab: Sleeping          |     5 |     4 |    10 |     5 ||    24
       Confused          |       |       |    15 |    42 ||    57
       Distracted        |       |       |       |     2 ||     2
  Eat: Chunk             |       |     6 |    24 |    33 ||    63
       Fruit             |       |       |     5 |     3 ||     8
Armor: Skin              |     8 |     3 |    18 |    58 ||    87
Dodge: Dodged            |    39 |    56 |   133 |   400 ||   628
